AoeStats
← TUSHIRO1.2

Arabia

510222129Analyzed
1v1 RM · 2d ago on Sep 30, 2026· 51m 58s· 2 players
Game mode
Random Map
Map size
Tiny (2 player)
Population
200
Speed
Normal
Resources
Standard
Victory
Conquest
Starting age
Dark Age
Ending age
Imperial Age
RankedLock teamsTeams togetherTeam positionsShared explorationLock speedFull tech treeHidden civsTurbo modeCheats
Victory
Defeat
🇲🇽 Chinese · Mexico
1238
+14
🇲🇽 Ethiopians · Mexico
1186
-37
TUSHIRO1.2
7:15 Loom
10:01 Feudal Age
10:04 Man-at-Arms
15:45 Padded Archer Armor
16:09 Fletching
24:28 Castle Age
22:52 Horse Collar
24:38 Crossbowman
25:19 Bodkin Arrow
25:40 Leather Archer Armor
27:15 Double-Bit Axe
28:07 Scale Mail Armor
28:17 Forging
31:50 Bow Saw
36:04 Chain Mail Armor
36:25 Iron Casting
40:32 Imperial Age
39:43 Scale Barding Armor
40:03 Husbandry
41:48 Chain Barding Armor
42:29 Blast Furnace
41:19 Town Watch
42:12 Wheelbarrow
41:36 Heavy Camel Rider
45:09 Gold Mining
45:11 Stone Mining
45:35 Light Cavalry
45:55 Capped Ram
49:53 Conscription
50:58 Gold Shaft Mining
MachG109426
0:56 Loom
9:24 Feudal Age
10:20 Double-Bit Axe
13:06 Forging
16:27 Padded Archer Armor
16:20 Fletching
16:31 Padded Archer Armor
22:00 Castle Age
20:03 Gold Mining
21:56 Scale Mail Armor
22:38 Bodkin Arrow
23:16 Chain Mail Armor
25:27 Wheelbarrow
25:56 Bow Saw
25:27 Elite Skirmisher
26:23 Squires
26:27 Horse Collar
29:11 Iron Casting
30:14 Leather Archer Armor
30:49 Ballistics
30:47 Heavy Plow
33:14 Hand Cart
33:13 Thumb Ring
36:07 Imperial Age
36:16 Imperial Age
35:50 Scale Barding Armor
36:44 Bloodlines
36:34 Husbandry
37:21 Chain Barding Armor
38:48 Plate Barding Armor
38:05 Cavalier
40:24 Blast Furnace
40:21 Masonry
40:43 Bracer
42:19 Ring Archer Armor
42:48 Conscription
43:34 Thumb Ring
46:49 Architecture
48:11 Plate Mail Armor
47:43 Elite Fire Lancer
50:24 Chemistry
51:01 Two-Man Saw
Connection lost

Rejoining the realm…

Still unreachable

The connection could not be restored.

Session expired

The server has moved on; the page needs a fresh start.